Map: Orbital Shipyard

Players

Teebul

  • Race: Protoss Protoss
  • League: Diamond

KiFirE - Winner!

  • Race: Protoss Protoss
  • League: Master

Event: Lycan League Weekly September #1

VOD

Have the link to the VOD?

Description

Time

  • Played on: Sept. 21, 2015, 12:41 p.m.
  • Length: 19:20

All games in this series

Show
View Real Time Build Order
Export as new Build Order

Teebul Protoss 

Build Orders: Blink Stalkers, Zealot Archon 

Get SALT Encoding   

  12  0:00  Probe (Chrono Boost)  
  13  0:10  Probe (Chrono Boost)  
  14  0:17  Pylon  
  14  0:21  Probe (Chrono Boost)  
  15  0:34  Probe (Chrono Boost)  
  16  0:37  Gateway  
  16  0:44  Probe (Chrono Boost)  
  17  0:53  Assimilator x2  
  17  0:54  Probe (Chrono Boost)  
  18  1:01  Pylon  
  18  1:04  Probe (Chrono Boost)  
  19  1:14  Probe (Chrono Boost)  
  20  1:24  Probe (Chrono Boost)  
  20  1:25  Cybernetics Core  
  21  1:34  Probe (Chrono Boost)  
  22  1:44  Probe (Chrono Boost)  
  23  1:54  Probe (Chrono Boost)  
  24  2:02  Stalker, Warp Gate  
  24  2:03  Mothership Core (Chrono Boost)  
  28  2:21  Nexus  
  28  2:31  Twilight Council  
  28  2:37  Stalker  
  28  2:43  Pylon  
  30  2:46  Probe (Chrono Boost)  
  31  3:01  Probe (Chrono Boost)  
  31  3:02  Blink (Chrono Boost)  
  32  3:09  Stalker  
  32  3:12  Probe  
  35  3:15  Pylon  
  35  3:24  Probe  
  35  3:31  Robotics Facility  
  35  3:39  Probe (Chrono Boost)  
  35  3:41  Pylon  
  36  3:44  Probe (Chrono Boost)  
  37  3:51  Probe (Chrono Boost)  
  37  3:55  Gateway  
  38  3:56  Probe (Chrono Boost)  
  39  4:03  Gateway  
  39  4:04  Probe (Chrono Boost)  
  39  4:07  Probe (Chrono Boost)  
  41  4:15  Stalker, Probe  
  41  4:16  Observer (Chrono Boost)  
  44  4:17  Probe  
  46  4:27  Probe  
  46  4:29  Probe  
  48  4:39  Probe  
  48  4:41  Probe  
  50  4:46  Stalker  
  50  4:47  Observer  
  50  4:51  Probe (Chrono Boost)  
  50  4:52  Assimilator  
  54  4:53  Probe (Chrono Boost)  
  54  4:54  Stalker, Assimilator  
  57  5:01  Pylon  
  57  5:02  Probe (Chrono Boost)  
  57  5:03  Stalker, Pylon  
  57  5:04  Probe (Chrono Boost)  
  61  5:18  Probe (Chrono Boost)  
  61  5:19  Pylon  
  62  5:26  Stalker  
  62  5:27  Stalker  
  66  5:36  Forge  
  66  5:39  Nexus  
  66  5:47  Probe (Chrono Boost)  
  67  5:52  Templar Archives  
  67  5:56  Stalker x3  
  73  5:59  Probe (Chrono Boost)  
  74  6:04  Probe (Chrono Boost), Protoss Ground Weapons Level 1 (Chrono Boost)  
  74  6:08  Probe (Chrono Boost)  
  74  6:09  Warp Prism  
  78  6:14  Photon Cannon  
  78  6:21  Probe, Photon Cannon  
  78  6:25  Photon Cannon  
  79  6:28  Probe  
  79  6:31  High Templar x3  
  86  6:42  Pylon  
  86  6:44  Pylon  
  86  6:49  Probe  
  86  6:51  Probe  
  88  6:55  Gateway  
  88  6:56  Gateway  
  88  6:59  Probe x2  
  89  7:03  Probe  
  89  7:04  High Templar x2  
  89  7:07  Adept  
  97  7:08  Gateway  
  97  7:09  Probe  
  97  7:12  Probe  
  97  7:15  Gateway  
  99  7:21  Probe  
  100  7:29  Archon x2  
  99  7:30  High Templar  
  99  7:35  Probe  
  102  7:38  Photon Cannon  
  102  7:39  Stalker x2  
  102  7:43  Archon  
  106  8:00  Stalker x3  
  106  8:02  Stalker  
  106  8:03  Stalker  
  116  8:06  Pylon  
  116  8:07  Pylon  
  116  8:08  Pylon  
  116  8:21  Pylon  
  116  8:22  Pylon  
  116  8:25  Adept x3  
  116  8:26  Adept x4  
  130  8:42  Pylon  
  130  8:46  Assimilator  
  130  8:47  Sentry x4  
  130  8:48  Zealot x3  
  144  8:49  Assimilator  
  91  9:16  Stalker x6  
  72  9:27  Warp Prism (Chrono Boost)  
  74  9:39  Stalker x5  
  74  9:40  Stalker x2  
  74  9:45  Gateway x2  
  88  9:49  Nexus  
  86  9:55  Dark Shrine  
  86  10:01  Stalker x2  
  86  10:06  Stalker x3  
  96  10:09  Stalker  
  98  10:23  Warp Prism (Chrono Boost)  
  96  10:50  Stalker x6  
  96  10:51  Stalker  
  110  11:06  Protoss Ground Weapons Level 2  
  110  11:17  Dark Templar x4  
  118  11:21  Dark Templar, Zealot x2  
  118  11:22  Zealot  
  126  11:28  Assimilator  
  126  11:29  Assimilator  
  126  11:31  Pylon  
  108  11:51  Stalker x8  
  122  12:01  Dark Templar  
  120  12:21  Stalker x8  
  130  12:30  Warp Prism (Chrono Boost)  
  121  13:01  Dark Templar x2  
  115  13:20  Nexus  
  115  13:29  Stalker x4  
  95  14:23  Nexus  
  77  15:00  Probe  
  77  15:02  Probe  
  77  15:05  Pylon  
  71  15:10  Probe, Pylon  
  66  15:15  Probe  
  67  15:21  Probe  
  67  15:27  Pylon  
  68  15:39  Zealot x3  
  67  15:46  Zealot  
  67  15:55  Probe  
  60  16:05  Probe  
  34  16:51  Pylon  
  18  17:23  Pylon  
  18  17:35  Pylon  
  17  18:32  Pylon  
  17  18:41  Probe  
  16  18:51  Probe  
  15  18:58  Gateway  
Show
View Real Time Build Order
Export as new Build Order

KiFirE Protoss - Winner!

Build Orders: Phoenix Opening 

Get SALT Encoding   

  12  0:00  Probe (Chrono Boost)  
  13  0:10  Probe (Chrono Boost)  
  14  0:18  Pylon  
  14  0:20  Probe (Chrono Boost)  
  15  0:35  Probe (Chrono Boost)  
  15  0:37  Gateway  
  16  0:45  Probe (Chrono Boost)  
  16  0:49  Assimilator  
  17  0:54  Assimilator  
  17  0:55  Probe (Chrono Boost)  
  18  1:05  Probe (Chrono Boost)  
  19  1:12  Pylon  
  19  1:15  Probe (Chrono Boost)  
  20  1:24  Cybernetics Core  
  20  1:25  Probe (Chrono Boost)  
  21  1:35  Probe (Chrono Boost)  
  22  1:45  Probe (Chrono Boost)  
  23  1:54  Probe (Chrono Boost)  
  23  2:01  Adept, Warp Gate  
  26  2:04  Mothership Core (Chrono Boost)  
  28  2:21  Stargate  
  27  2:35  Probe (Chrono Boost)  
  28  2:43  Nexus  
  28  2:51  Probe (Chrono Boost)  
  29  2:52  Pylon  
  29  3:01  Probe (Chrono Boost)  
  30  3:09  Phoenix (Chrono Boost)  
  30  3:12  Probe  
  33  3:24  Probe, Pylon  
  34  3:29  Phoenix (Chrono Boost), Robotics Facility  
  36  3:37  Probe  
  37  3:49  Probe  
  37  3:50  Phoenix (Chrono Boost)  
  40  4:01  Probe  
  41  4:06  Stalker  
  43  4:10  Phoenix (Chrono Boost)  
  43  4:15  Probe  
  45  4:17  Probe  
  45  4:20  Assimilator  
  45  4:21  Observer  
  48  4:25  Probe, Assimilator  
  49  4:36  Probe  
  49  4:38  Probe  
  51  4:41  Phoenix (Chrono Boost)  
  53  4:46  Probe  
  53  4:50  Probe  
  55  4:56  Probe  
  56  5:04  Immortal  
  60  5:07  Nexus  
  60  5:08  Pylon  
  60  5:10  Probe  
  60  5:12  Probe, Pylon  
  62  5:22  Pylon  
  62  5:24  Probe  
  62  5:26  Probe  
  64  5:34  Sentry, Void Ray (Chrono Boost)  
  66  5:38  Assimilator  
  66  5:40  Probe x2  
  66  5:42  Assimilator  
  72  5:50  Probe  
  72  5:52  Probe  
  72  5:54  Immortal  
  78  6:07  Gateway  
  78  6:09  Gateway  
  78  6:12  Void Ray (Chrono Boost)  
  78  6:15  Probe  
  78  6:17  Probe x2  
  84  6:22  Sentry  
  84  6:24  Probe  
  87  6:27  Probe  
  87  6:29  Probe  
  90  6:34  Probe  
  89  6:40  Immortal  
  89  6:43  Stargate  
  93  6:47  Fleet Beacon  
  93  6:49  Protoss Air Weapons Level 1  
  93  6:50  Probe x2  
  95  7:02  Probe x2  
  95  7:04  Probe  
  98  7:12  Probe  
  98  7:15  Probe, Carrier (Chrono Boost)  
  99  7:16  Probe, Forge  
  99  7:18  Carrier (Chrono Boost)  
  99  7:19  Pylon  
  99  7:21  Pylon  
  99  7:37  Immortal  
  115  7:46  Graviton Catapult  
  115  8:00  Nexus  
  115  8:03  Pylon  
  115  8:09  Pylon  
  115  8:10  Pylon  
  115  8:19  Stalker  
  117  8:21  Immortal  
  117  8:22  Stalker x2, Carrier x2 (Chrono Boost)  
  125  8:27  Pylon  
  123  8:45  Stalker x2  
  123  8:46  Stalker  
  141  8:49  Protoss Shields Level 1  
  116  9:11  Stalker x3  
  116  9:16  Probe  
  114  9:18  Probe  
  114  9:19  Probe  
  114  9:20  Carrier (Chrono Boost)  
  114  9:23  Probe  
  115  9:26  Probe  
  115  9:29  Assimilator  
  117  9:34  Assimilator  
  117  9:37  Photon Cannon x2  
  129  9:49  Carrier (Chrono Boost)  
  129  9:52  Probe x2  
  129  9:54  Probe x2  
  129  9:56  Photon Cannon  
  133  10:01  Sentry  
  133  10:02  Probe  
  133  10:06  Probe  
  136  10:08  Probe x2  
  136  10:11  Probe  
  146  10:18  Stargate x2  
  146  10:22  Pylon  
  142  10:46  Nexus  
  144  10:50  Immortal  
  144  10:52  Void Ray (Chrono Boost)  
  144  10:53  Protoss Air Weapons Level 2 (Chrono Boost), Protoss Ground Weapons Level 1  
  148  11:14  Pylon  
  148  11:15  Pylon  
  148  11:24  Void Ray, Pylon  
  148  11:26  Pylon  
  148  11:28  Pylon  
  148  11:32  Void Ray  
  156  11:33  Void Ray  
  156  11:36  Photon Cannon  
  160  11:46  Photon Cannon  
  160  11:52  Probe  
  155  12:07  Probe x2  
  156  12:09  Photon Cannon  
  156  12:10  Photon Cannon  
  155  12:15  Photon Cannon  
  138  13:06  Void Ray  
  138  13:15  Void Ray  
  138  13:16  Protoss Air Weapons Level 3 (Chrono Boost)  
  138  13:17  Nexus  
  144  13:20  Pylon  
  144  13:25  Photon Cannon  
  144  13:29  Photon Cannon  
  144  13:30  Probe x2  
  144  13:31  Stargate  
  144  13:33  Photon Cannon  
  146  13:35  Stargate  
  146  13:36  Photon Cannon  
  146  13:48  Nexus  
  146  13:49  Pylon  
  146  13:55  Robotics Facility  
  103  14:55  Observer  
  104  15:17  Nexus  
  104  15:18  Pylon  
  104  15:20  Phoenix  
  106  15:21  Phoenix  
  108  15:32  Adept  
  108  15:33  Adept  
  91  16:48  Cybernetics Core  
  91  16:49  Photon Cannon  
  91  16:51  Photon Cannon  
  87  17:15  Zealot x2  
  87  17:16  Zealot  
  93  17:26  Observer  

Tags
 
Add a new tag
Caveats
  • Supply blocks, unpowered buildings, or Contaminate may cause inaccurate times.
  • Supply counts are checked every 10 seconds.